 Dungeon Crawl Stone Soup version 0.18-a0-1116-g1750dec (webtiles) character file.

184 Reinor the Sneak (level 5, -2/30 HPs)
             Began as a Kobold Assassin on Jan 17, 2016.
             Slain by a worker ant (4 damage)
             ... on level 4 of the Dungeon.
             The game lasted 00:06:50 (2239 turns).

Reinor the Sneak (Kobold Assassin)                  Turns: 2239, Time: 00:06:51

Health: -2/30      AC:  3    Str: 10    XL:     5   Next: 95%
Magic:  5/5        EV: 14    Int:  9    God:
Gold:   159        SH:  0    Dex: 18    Spells: 0 memorised, 4 levels left

rFire  . . .     SeeInvis .     a - +2 dagger
rCold  . . .     Gourm    .     c - +0 robe
rNeg   . . .     Faith    .     (shield restricted)
rPois  .         Spirit   .     (no helmet)
rElec  .         Dismiss  .     d - +0 cloak
rCorr  .         Reflect  .     (no gloves)
SustAt .         Harm     .     (no boots)
MR     .....                    (no amulet)
Stlth  ++++......               (no ring)
                                (no ring)

@: not resistant to hostile enchantments, stealthy
A: carnivore 3
a: no special abilities


You were on level 4 of the Dungeon.
You were very full.

You visited 1 branch of the dungeon, and saw 4 of its levels.

You collected 159 gold pieces.

Inventory:

Hand Weapons
 a - a +2 dagger (weapon)
 b - a +0 blowgun
Missiles
 e - 22 poisoned needles
 f - 2 curare-tipped needles
Armour
 c - a +0 robe (worn)
 d - a +0 cloak (worn)
Scrolls
 l - 3 scrolls of remove curse
 p - a scroll of noise {unknown}
Potions
 h - a potion of haste
 j - a potion of flight {unknown}
 k - a potion of resistance {unknown}
 m - a potion of curing {unknown}
 n - a potion of invisibility {unknown}
 o - a potion of cure mutation {unknown}
Comestibles
 g - 2 meat rations
 i - a slice of pizza
 q - a beef jerky
 r - a chunk of flesh


   Skills:
 - Level 2.1 Fighting
 - Level 6.2 Short Blades
 - Level 2.1 Throwing
 - Level 1.2 Dodging
 + Level 7.0 Stealth


You had 4 spell levels left.
You didn't know any spells.

Dungeon Overview and Level Annotations

Branches:
Dungeon (4/15)
 Temple: D:4-7

Altars:

Annotations:
D:3 FIQ's ghost, amateur HOFi


Innate Abilities, Weirdness & Mutations

You are small and have problems with some larger weapons.
You are carnivorous and can eat meat at any time.


Message History

The worker ant closely misses you.
You closely miss the worker ant.
The worker ant is heavily wounded.
The worker ant closely misses you.
You hit the worker ant but do no damage.
The worker ant is heavily wounded.
You closely miss the worker ant.
The worker ant is heavily wounded.
The worker ant waves its antennae.
The worker ant misses you.
You hit the worker ant.
The worker ant is severely wounded.
The worker ant barely misses you.
You closely miss the worker ant.
The worker ant is severely wounded.
The worker ant barely misses you.
You hit the worker ant.
The worker ant is almost dead.
The worker ant bites you.
You die...

#.. ##.. #....
##.... ......#
#....##
#.....# #@#
#####
#a###.<.##
#ha......##
###.h.....#
#.......#
#.......#
##.....#......
#...........##
.............#


You could see 2 worker ants and a jackal.

Vanquished Creatures
  A giant frog (D:4)
  Jessica (D:3)
  2 adders
  2 worms
  3 giant geckos (D:1)
  9 bats
  4 giant cockroaches
  8 goblins
  5 hobgoblins
  3 jackals
  A quokka (D:2)
  5 giant newts
  8 kobolds
  11 rats
63 creatures vanquished.

Notes
Turn   | Place    | Note
--------------------------------------------------------------
     0 | D:1      | Reinor the Kobold Assassin began the quest for the Orb.
     0 | D:1      | Reached XP level 1. HP: 12/12 MP: 1/1
   265 | D:1      | Reached XP level 2. HP: 17/17 MP: 2/2
   298 | D:1      | You fall through a shaft!
   477 | D:1      | Reached XP level 3. HP: 21/21 MP: 3/3
   773 | D:1      | Reached skill level 5 in Short Blades
  1045 | D:2      | Reached XP level 4. HP: 22/26 MP: 4/4
  1398 | D:3      | Noticed Jessica
  1398 | D:3      | Noticed FIQ's ghost (amateur HOFi)
  1417 | D:3      | Killed Jessica
  1417 | D:3      | Reached skill level 6 in Short Blades
  1645 | D:3      | Reached XP level 5. HP: 30/30 MP: 5/5
  2202 | D:4      | Noticed a giant frog
  2224 | D:4      | Killed a giant frog
  2227 | D:4      | Reached skill level 7 in Stealth
  2239 | D:4      | Slain by a worker ant

Vault maps used:
D:1:      dpeg_arrival_yet_another_circle, serial_bayou_pond_b
D:3:      uniq_jessica
D:4:      grunt_temple_overflow_order_and_chaos_2, first_bread

Action                   |  1- 3 |  4- 6 || total
-------------------------+-------+-------++-------
Melee: Dagger            |   113 |    73 ||   186
  Use: Scroll            |     4 |     2 ||     6
       Potion            |       |     1 ||     1
 Stab: Sleeping          |    11 |    11 ||    22
  Eat: Chunk             |     9 |     3 ||    12
